 Dungeon Crawl Stone Soup version 0.32-a0-656-g3542139ebd (webtiles) character file.

Game seed: 14609354975542089463

189934 nuthulu the Executioner (level 17, -5/160 HPs)
             Began as a Minotaur Fighter on Mar 8, 2024.
             Was the Champion of Okawaru.
             Killed from afar by a nagaraja (25 damage)
             ... with a splash of poison
             ... on level 4 of the Snake Pit.
             The game lasted 00:53:04 (29488 turns).

nuthulu the Executioner (Minotaur Fighter)         Turns: 29488, Time: 00:53:05

Health: -5/160     AC: 48    Str: 28    XL:     17   Next: 96%
Magic:  21/21      EV:  0    Int:  8    God:    Okawaru [******]
Gold:   492        SH: 27    Dex: 14    Spells: 16/16 levels left

rFire   . . .        M - +2 broad axe (freeze)
rCold   + . .        S - +1 tower shield {AC+3}
rNeg    + + +        N - +8 orange crystal plate armour {Archmagi, Int+3 Clar}
rPois   .            x - +0 hat {Will+}
rElec   .            f - +2 cloak
rCorr   +            j - +2 pair of gloves {Dex+3}
SInv    .            u - +0 pair of boots
Will    +....        k - amulet of reflection Stlth
                     Y - ring of Nyfeib {rC+ rN+ Slay+2}
HPRegen 0.46/turn    F - ring of the Lotus Blossom {rPois rN+++ Will- rCorr AC+4}
MPRegen 0.17/turn

%: reflection, clarity, archmagi
@: lethally poisoned (-5 -> -43), untranslocatable, poison vulnerable, slowed,
constricted, very slow
A: horns 2, retaliatory headbutt, berserk 1
a: Renounce Religion, Heroism, Finesse, Duel


You were on level 4 of the Snake Pit.
You worshipped Okawaru.
Okawaru was exalted by your worship.
You visited 5 branches of the dungeon, and saw 27 of its levels.
You visited the Abyss 1 time.
You also visited: Bailey, Gauntlet and Ice Cave.

You collected 2465 gold pieces.
You spent 1973 gold pieces at shops.

Inventory:

Hand Weapons
 a - a +3 war axe of electrocution
 b - a +0 morningstar
 M - a +2 broad axe of freezing (weapon)
Missiles
 R - 19 silver javelins (quivered)
Armour
 f - a +2 cloak (worn)
 j - a +2 pair of gloves of dexterity (worn)
 u - a +0 pair of boots (worn)
 x - a +0 hat of willpower (worn)
 N - the +8 orange crystal plate armour (worn) {Archmagi, Int+3 Clar}
   (Okawaru gifted it to you on level 3 of the Lair of Beasts)

   Int+3:     It affects your intelligence (+3).
   Clar:      It protects you from confusion, rage, mesmerisation and fear.
 S - a +1 tower shield of protection (worn)
Jewellery
 c - a ring of flight
 k - an amulet of reflection (around neck)
 m - a ring of protection from cold
 z - an amulet of the acrobat
 F - the ring of the Lotus Blossom (right hand) {rPois rN+++ Will- rCorr AC+4}
   (You acquired it on level 1 of the Snake Pit)

   [ring of protection]

   AC+4:      It affects your AC (+4).
   rPois:     It protects you from poison.
   rN+++:     It renders you almost immune to negative energy.
   Will-:     It decreases your willpower.
   rCorr:     It protects you from acid and corrosion.
 G - an amulet of magic regeneration
 I - a ring of fire
 V - a ring of positive energy
 W - a ring of ice
 X - a ring of willpower
 Y - the ring of Nyfeib (left hand) {rC+ rN+ Slay+2}
   (You found it in a Gauntlet)

   [ring of protection from cold]

   Slay+2:    It affects your accuracy & damage with ranged weapons and melee
   (+2).
   rC+:       It protects you from cold.
   rN+:       It protects you from negative energy.
 Z - the ring of Devotion {^Contam rC++ rN+ Int+6}
   (You found it in a Gauntlet)

   [ring of positive energy]

   Int+6:     It affects your intelligence (+6).
   rC++:      It greatly protects you from cold.
   rN+:       It protects you from negative energy.
   ^Contam:   It causes magical contamination when unequipped.
Wands
 d - a wand of polymorph (13)
 i - a wand of flame (28)
 l - a wand of iceblast (40)
 w - a wand of mindburst (11)
 y - a wand of paralysis (40)
 C - a wand of acid (9)
 T - a wand of digging (5)
Scrolls
 e - 5 scrolls of revelation
 p - 6 scrolls of teleportation
 q - 3 scrolls of fog
 B - 5 scrolls of fear
 D - 2 scrolls of vulnerability
 J - 4 scrolls of blinking
 K - 6 scrolls of identify
 U - a scroll of amnesia
Potions
 g - 3 potions of attraction
 h - 4 potions of ambrosia
 n - 4 potions of cancellation
 o - 6 potions of heal wounds
 r - 5 potions of might
 s - 3 potions of haste
 t - 5 potions of invisibility
 v - 4 potions of lignification
 A - 4 potions of magic
 E - 4 potions of berserk rage
 H - a potion of enlightenment
 L - 6 potions of curing
 O - 4 potions of mutation
 P - a potion of resistance
 Q - a potion of brilliance


   Skills:
 - Level 16.6 Fighting
 - Level 22.0 Axes
 + Level 14.0 Throwing
 - Level 16.0 Armour
 + Level 10.1 Dodging
 + Level 19.5 Shields
 - Level 7.1 Invocations


You had 16 spell levels left.
You didn't know any spells.
Your spell library contained the following spells:

 Spells                   Type           Power      Damage    Failure   Level
 Apportation              Tloc           0%         N/A       100%        1
 Foxfire                  Conj/Fire      0%         2x1d4     100%        1
 Kiss of Death            Conj/Necr      0%         2d5       100%        1
 Necrotise                Necr           0%         1d4       100%        1
 Sandblast                Erth           0%         2d4       100%        1
 Sting                    Conj/Alch      0%         1d3       100%        1
 Blink                    Tloc           0%         N/A       100%        2
 Jinxbite                 Hex            0%         N/A       100%        2
 Lesser Beckoning         Tloc           0%         N/A       100%        2
 Mercury Vapours          Alch/Air       0%         N/A       100%        2
 Momentum Strike          Conj/Tloc      0%         3d8       100%        2
 Scorch                   Fire           0%         2d5       100%        2
 Confusing Touch          Hex            0%         N/A       100%        3
 Dazzling Flash           Conj/Hex       0%         N/A       100%        3
 Frozen Ramparts          Ice            0%         1d1       100%        3
 Mephitic Cloud           Conj/Alch/Air  0%         N/A       100%        3
 Passwall                 Erth           0%         N/A       100%        3
 Stone Arrow              Conj/Erth      0%         3d7       100%        3
 Brom's Barrelling Bould  Conj/Erth      0%         2d3       100%        4
 Dispel Undead            Necr           0%         3d6       100%        4
 Flame Wave               Conj/Fire      0%         2d4       100%        4
 Leda's Liquefaction      Alch/Erth      0%         N/A       100%        4
 Olgreb's Toxic Radiance  Alch           0%         N/A       100%        4
 Petrify                  Alch/Erth      0%         N/A       100%        4
 Curse of Agony           Necr           0%         N/A       100%        5
 Metabolic Englaciation   Hex/Ice        0%         N/A       100%        5
 Silence                  Hex/Air        0%         N/A       100%        5
 Yara's Violent Unravell  Hex/Alch       0%         3d3       100%        5
 Plasma Beam              Fire/Air       0%         2x1d10    100%        6
 Starburst                Conj/Fire      0%         6d3       100%        6
 Enfeeble                 Hex            0%         N/A       100%        7
 Ozocubu's Refrigeration  Ice            0%         4d7       100%        7
 Lehudib's Crystal Spear  Conj/Erth      0%         10d2      100%        8
 Polar Vortex             Ice            0%         N/A       100%        9
 Summon Small Mammal      Summ           Unusable   N/A       N/A         1
 Animate Armour           Summ/Erth      Unusable   N/A       N/A         4
 Sculpt Simulacrum        Ice/Alch       Unusable   N/A       N/A         6
 Summon Cactus Giant      Summ           Unusable   N/A       N/A         6

Dungeon Overview and Level Annotations

Branches:
Dungeon (15/15)            Temple (1/1) D:4            Lair (5/5) D:8
 Shoals (0/4) Lair:2        Snake (4/4) Lair:3        Slime (0/5) Lair:5
    Orc (2/2) D:9             Elf (0/3) Orc:2        Vaults (0/5) D:14
 Depths (0/4) D:15         Bailey (visited)           IceCv (visited)
Gauntlet (visited)

Altars:
Ashenzari
Cheibriados
Dithmenos
Elyvilon
Fedhas
Gozag
Hepliaklqana
Kikubaaqudgha
Makhleb
Nemelex Xobeh
Okawaru
Qazlal
Ru
Sif Muna
Trog
Uskayaw
Vehumet
Wu Jian
Xom
Yredelemnul
Zin
The Shining One
Beogh
Jiyva

Shops:
D:5 ?   D:6 *   D:9 :   D:11 *   Orc:2 [!*!   Snake:1 ?   Snake:2 :=:
Snake:3 =!(   Snake:4 :

Annotations:
D:4 2 runed translucent doors, Nico3ck's ghost, amateur GrFi


Innate Abilities, Weirdness & Mutations

You have a pair of horns on your head.
You reflexively headbutt those who attack you in melee.
You sometimes lose your temper in combat.


Message History

* * * LOW HITPOINT WARNING * * *
You feel better. The nagaraja casts a spell at you.
The bolt of poison hits you!
You are lethally poisoned!
* * * LOW HITPOINT WARNING * * *
The nagaraja constricts you. You block the naga mage's attack.
The nagaraja completely misses you. The nagaraja constricts you.
The naga sharpshooter casts a spell.
The naga sharpshooter magically shoots an arrow.
You block the arrow with an invisible shield... and reflect it back!
The naga mage points at you and mumbles some strange words.
The bolt of poison misses the naga sharpshooter.
The bolt of poison hits you but does no damage.
You are more poisoned.
Unknown command.
You feel much better.
* * * LOW HITPOINT WARNING * * *
You feel extremely sick.
The nagaraja looks more healthy.
The nagaraja spits poison at you.
You block the splash of poison... and reflect it back!
The splash of poison hits the nagaraja!
The nagaraja constricts you.
* * * LOW HITPOINT WARNING * * *
The naga sharpshooter gestures wildly while chanting.
The naga sharpshooter magically shoots an arrow.
You block the arrow with an invisible shield... and reflect it back!
You block the nagaraja's attack. The nagaraja constricts you.
The naga sharpshooter shoots an arrow.
You block the arrow with an invisible shield... and reflect it back!
The arrow hits the naga sharpshooter!
You kill the naga sharpshooter!
Okawaru accepts your kill.
You feel much better.
* * * LOW HITPOINT WARNING * * *
You feel extremely sick. The nagaraja spits poison at you.
The splash of poison hits you!!
You are lethally poisoned!
You die...

##.....##....#..#....#..
#.....#.))..#..#....#..
..####..#..#))#..######..
.N.#(##.#..#.†#..........
......#.#..#..#.......###
⌠.....#.#)†#.........##..
....###..#.........#...
#...##.†#.........#.)<
#.NN#@).#....÷(...#...
#..N)N..##........#.).
##.....#####.)....#...
##....#...#))....#...
##..##....)÷....#...
####...........#...
.............#...
.............#...
.............# ..


You could see a nagaraja (fast, catching breath) and a naga ritualist.

Vanquished Creatures
  Vashnia (Snake:2)
  A bone dragon (Abyss:1)
  A Hell Sentinel (Abyss:1)
  A lich (Abyss:1)
  Asterion (Snake:2)
  Aizul (Snake:2)
  2 nagarajas
  A frost giant (IceCv)
  A draconian annihilator (Abyss:1)
  A stone giant (D:15)
  Nessos (D:12)
  A minotaur (Gauntlet)
  An ettin (Orc:2)
  Josephine (Lair:5)
  Snorg (D:13)
  4 hydras
  An ogre mage (D:14)
  5 vault guards (D:14)
  Erolcha (D:11)
  4 catoblepae
  A salamander tyrant (Snake:4)
  13 anacondas
  A death knight (D:14)
  3 two-headed ogres
  7 centaur warriors
  Erica (D:8)
  4 tengu warriors (D:15)
  20 death yaks
  10 boulder beetles
  14 naga warriors
  3 shock serpents (Snake:4)
  11 naga sharpshooters
  A storm dragon zombie (Abyss:1)
  Amaemon (Lair:2)
  13 skeletal warriors
  3 salamander mystics (Snake:4)
  9 sea snakes (Snake:1)
  A wretched star (Abyss:1)
  2 arcanists
  A large abomination (Abyss:1)
  9 mana vipers
  A deep elf archer (D:14)
  A death drake (Gauntlet)
  2 phantasmal warriors (D:14)
  3 naga ritualists (Snake:1)
  Pikel (D:5)
  2 lindwurms (Lair:4)
  6 orc knights
  5 manticores
  2 wolf spiders
  5 cyclopes
  Maurice (D:8)
  14 ugly things
  A worldbinder (Abyss:1)
  5 guardian serpents
  17 salamanders
  A shining eye (Gauntlet)
  3 spectral centaurs (Gauntlet)
  A merfolk siren (Lair:2)
  A black mamba (shapeshifter) (D:13)
  16 elephants
  2 kobold blastminers (Orc:1)
  34 black mambas
  An orange demon (Lair:2)
  An ice statue (IceCv)
  A smoke demon (Abyss:1)
  5 gargoyles
  8 cane toads
  13 naga magi
  7 rime drakes
  3 kobold demonologists
  Jeremiah (D:7)
  2 unseen horrors
  A rime drake (shapeshifter) (D:15)
  8 komodo dragons
  A freezing wraith (Abyss:1)
  2 yaktaurs (D:14)
  Psyche (D:8)
  3 merfolk (Lair:2)
  7 trolls
  A hellwing (Abyss:1)
  6 polar bears
  2 tarantellas (Lair:4)
  2 hornets
  A glass eye (Gauntlet)
  3 raiju (Abyss:1)
  27 blink frogs
  6 dream sheep (Lair:5)
  Sigmund (D:4)
  A spriggan (shapeshifter) (D:13)
  A ynoxinul (Abyss:1)
  A jumping spider (Lair:4)
  2 shadows
  A water elemental (Abyss:1)
  4 vampires
  6 wyverns
  67 yaks
  10 wraiths
  2 humans (D:14)
  A hog (shapeshifter) (D:15)
  A golden eye (Gauntlet)
  7 basilisks
  2 redbacks (Lair:4)
  A basilisk (shapeshifter) (D:10)
  3 vampire mosquitoes (D:14)
  4 wargs
  37 nagas
  Edmund (D:5)
  2 small abominations (Abyss:1)
  3 acid dragons
  15 water moccasins
  A naga skeleton (Abyss:1)
  Duvessa (D:7)
  38 orc warriors
  2 black bears
  6 ogres
  33 wolves
  14 centaurs
  A phantom (D:7)
  4 kobold brigands
  2 lemures (D:5)
  Blork the orc (D:4)
  7 bullfrogs
  2 gnoll sergeants
  5 scorpions
  5 killer bees
  Dowan (D:7)
  9 vampire bats (Bailey)
  3 wolf zombies (Bailey)
  7 howler monkeys
  4 lava snakes (Lair:4)
  3 hounds
  A bombardier beetle (D:3)
  Crazy Yiuf (D:2)
  12 orc priests
  A jelly (D:5)
  A sleepcap (D:8)
  4 iguanas
  24 orc wizards
  9 adders
  7 gnolls
  A shadow imp (D:6)
  3 white imps
  4 dart slugs
  2 ribbon worms (D:3)
  74 orcs
  6 endoplasms
  2 giant cockroaches
  6 hobgoblins
  19 kobolds
  4 quokkas
  9 ball pythons
  9 bats
  4 frilled lizards
  16 goblins
  22 orc zombies (Bailey)
  7 rats
966 creatures vanquished.

Vanquished Creatures (others)
  Sonja (D:12)
  A guardian serpent (Snake:4)
  An orc (Orc:2)
3 creatures vanquished.

Grand Total: 969 creatures vanquished

Notes
Turn   | Place    | Note
-------+----------+-------------------------------------------
     0 | D:1      | nuthulu the Minotaur Fighter began the quest for the Orb.
     0 | D:1      | Reached XP level 1. HP: 19/19 MP: 0/0
   229 | D:1      | Reached XP level 2. HP: 27/27 MP: 1/1
   236 | D:1      | Reached skill level 3 in Axes
   851 | D:2      | Reached XP level 3. HP: 34/34 MP: 2/2
   919 | D:2      | Found a runed translucent door.
   920 | D:2      | Noticed Crazy Yiuf
   926 | D:2      | Killed Crazy Yiuf
   927 | D:2      | Reached skill level 4 in Axes
  1088 | D:2      | Reached XP level 4. HP: 40/41 MP: 3/3
  1204 | D:2      | Reached skill level 5 in Fighting
  1965 | D:3      | Reached XP level 5. HP: 42/48 MP: 4/4
  2229 | D:3      | Reached skill level 5 in Axes
  2808 | D:4      | Found a runed translucent door.
  2814 | D:4      | Noticed Nico3ck's ghost (amateur GrFi)
  2824 | D:4      | Found a glowing silver altar of Zin.
  2824 | D:4      | Found a glowing golden altar of the Shining One.
  2826 | D:4      | Found a white marble altar of Elyvilon.
  2863 | D:4      | Noticed Sigmund
  2884 | D:4      | Killed Sigmund
  2885 | D:4      | Reached skill level 6 in Axes
  2885 | D:4      | Reached XP level 6. HP: 29/58 MP: 5/5
  3240 | D:4      | Noticed Blork the orc
  3248 | D:4      | Killed Blork the orc
  3249 | D:4      | Reached XP level 7. HP: 61/66 MP: 6/6
  3489 | D:4      | Found a staircase to the Ecumenical Temple.
  3608 | Temple   | Entered the Ecumenical Temple
  3701 | D:4      | Found a runed translucent door.
  3941 | D:5      | Entered Level 5 of the Dungeon
  3941 | D:5      | Found Qompyucw's Magic Scroll Boutique.
  3948 | D:5      | Reached skill level 7 in Axes
  3956 | D:5      | Bought a scroll of enchant weapon for 105 gold pieces
  4067 | D:5      | Identified the staff of Thoughtfulness {Fly rN+ Str-2 Dex+2
                  | Necro}
  4200 | D:5      | Noticed Edmund
  4212 | D:5      | Killed Edmund
  4284 | D:5      | Noticed Pikel
  4302 | D:5      | Reached skill level 8 in Axes
  4306 | D:5      | Killed Pikel
  4307 | D:5      | Reached skill level 9 in Axes
  4307 | D:5      | Reached XP level 8. HP: 64/78 MP: 7/7
  4416 | D:5      | Reached skill level 10 in Fighting
  4798 | D:6      | Identified the +5 ring mail "Iketsyapih" {Str+3}
  4804 | D:6      | Reached skill level 10 in Axes
  4887 | D:6      | You fall into a shaft and drop 1 floor!
  4920 | D:7      | Reached XP level 9. HP: 84/86 MP: 8/8
  4923 | D:7      | Found a radiant altar of Vehumet.
  4924 | D:7      | Found a snail-covered altar of Cheibriados.
  4926 | D:7      | Found a burning altar of Makhleb.
  4931 | D:7      | Found a blossoming altar of Fedhas.
  4931 | D:7      | Found an iron altar of Okawaru.
  4931 | D:7      | Found a shadowy altar of Dithmenos.
  4931 | D:7      | Found a hide-covered altar of Uskayaw.
  4932 | D:7      | Found a bloodstained altar of Trog.
  4945 | D:7      | Found a shimmering altar of Xom.
  4946 | D:7      | Found a shimmering blue altar of Sif Muna.
  4952 | D:7      | Became a worshipper of Warmaster Okawaru
  5155 | D:7      | Noticed Duvessa
  5156 | D:7      | Noticed Dowan
  5166 | D:7      | Killed Duvessa
  5169 | D:7      | Killed Dowan
  5236 | D:7      | Reached skill level 1 in Invocations
  5286 | D:7      | Found a flagged portal.
  5303 | Bailey   | Entered a bailey
  5391 | Bailey   | Reached skill level 11 in Axes
  5504 | Bailey   | Reached * piety under Okawaru
  5575 | Bailey   | Noticed a gargoyle
  5584 | Bailey   | Killed a gargoyle
  5628 | Bailey   | Reached ** piety under Okawaru
  5630 | Bailey   | Identified the +0 plate armour of Rotini {rF+ Str+3}
  5631 | Bailey   | Identified the +8 chain mail of Terror {Rampage rF- Regen+
                  | Dex+3}
  6070 | D:6      | Found Nirun's Serpentskin Sales.
  6307 | D:7      | Reached XP level 10. HP: 94/97 MP: 12/12
  6371 | D:7      | Noticed Jeremiah
  6391 | D:7      | Killed Jeremiah
  6739 | D:8      | Found an ornate altar of the Wu Jian Council.
  6804 | D:8      | Noticed Erica
  6819 | D:8      | Killed Erica
  6820 | D:8      | Reached skill level 12 in Axes
  7098 | D:8      | Reached skill level 5 in Invocations
  7154 | D:8      | Noticed Maurice
  7167 | D:8      | Something stole an amulet of the acrobat
  7173 | D:8      | Something stole a +0 morningstar
  7180 | D:8      | Killed Maurice
  7180 | D:8      | Reached *** piety under Okawaru
  7730 | D:8      | Noticed Psyche
  7736 | D:8      | Paralysed by Psyche for 2 turns
  7740 | D:8      | Killed Psyche
  7865 | D:8      | Found a staircase to the Lair.
  7865 | D:8      | Noticed an elephant
  7874 | D:8      | Killed an elephant
  7875 | D:8      | Reached skill level 13 in Axes
  8079 | D:9      | Identified the +5 quarterstaff of the Freezing Gods {flame,
                  | SInv}
  8111 | D:9      | Reached **** piety under Okawaru
  8318 | D:9      | Noticed a cyclops
  8339 | D:9      | Killed a cyclops
  8348 | D:9      | Found Mutwiam's Book Shop.
  8386 | D:9      | Paralysed by a hornet for 3 turns
  8396 | D:9      | Reached XP level 11. HP: 88/107 MP: 13/15
  8540 | D:9      | Found a sacrificial altar of Ru.
  8744 | D:9      | Found a hazy altar of Hepliaklqana.
  8823 | D:9      | Found a staircase to the Orcish Mines.
  8977 | D:9      | Reached ***** piety under Okawaru
  8992 | D:9      | Reached skill level 14 in Axes
  9385 | D:10     | Entered Level 10 of the Dungeon
  9425 | D:10     | Noticed a centaur warrior
  9425 | D:10     | Noticed a purple ugly thing
  9428 | D:10     | Killed a centaur warrior
  9428 | D:10     | Noticed a boulder beetle
  9434 | D:10     | Killed a purple ugly thing
  9447 | D:10     | Killed a boulder beetle
  9448 | D:10     | Reached skill level 15 in Fighting
  9689 | D:10     | Received a gift from Okawaru
  9692 | D:10     | Reached skill level 15 in Axes
  9703 | D:10     | Noticed a two-headed ogre
  9709 | D:10     | Killed a two-headed ogre
  9876 | D:10     | Noticed a two-headed ogre
  9890 | D:10     | Killed a two-headed ogre
  9918 | D:10     | Reached XP level 12. HP: 101/122 MP: 16/16
 10352 | Lair:1   | Entered Level 1 of the Lair of Beasts
 10484 | Lair:1   | Identified the +7 plate armour "Fixius" {^Contam rC++
                  | Dex+2}
 10543 | Lair:1   | Received a gift from Okawaru
 10586 | Lair:1   | You fall into a shaft and drop 1 floor!
 11207 | Lair:2   | Reached skill level 16 in Axes
 11216 | Lair:2   | Found a staircase to the Shoals.
 11434 | Lair:2   | Received a gift from Okawaru
 11542 | Lair:2   | Reached skill level 5 in Armour
 11542 | Lair:2   | Reached skill level 5 in Shields
 11565 | Lair:2   | Noticed Amaemon
 11584 | Lair:2   | Killed Amaemon
 11879 | Lair:2   | Found a radiant altar of Vehumet.
 12178 | Lair:3   | Found a staircase to the Snake Pit.
 12242 | Lair:3   | Reached ****** piety under Okawaru
 12249 | Lair:3   | Acquired a +1 broad axe of freezing
 12249 | Lair:3   | Received a gift from Okawaru
 12253 | Lair:3   | Acquired the +8 orange crystal plate armour {Archmagi,
                  | Int+3 Clar}
 12253 | Lair:3   | Received a gift from Okawaru
 12253 | Lair:3   | Found the +8 orange crystal plate armour {Archmagi, Int+3
                  | Clar}
 12262 | Lair:3   | Gained mutation: You sometimes lose your temper in combat.
                  | [mutagenic glow]
 12513 | Lair:3   | Found a frozen archway.
 12529 | Lair:3   | Reached XP level 13. HP: 130/130 MP: 17/17
 12538 | IceCv    | Entered an ice cave
 12570 | IceCv    | Received a gift from Okawaru
 13016 | IceCv    | Received a gift from Okawaru
 13121 | IceCv    | Noticed a frost giant
 13126 | IceCv    | Reached skill level 10 in Armour
 13126 | IceCv    | Reached skill level 10 in Shields
 13136 | IceCv    | Killed a frost giant
 13990 | Lair:4   | Found an iron altar of Okawaru.
 14095 | Lair:4   | Received a gift from Okawaru
 14103 | Lair:4   | Reached XP level 14. HP: 133/138 MP: 18/18
 14164 | Lair:4   | Found a runed translucent door.
 14260 | Lair:4   | Identified the +2 whip "Cinkoff" {protect, rElec rCorr
                  | Int+2}
 14279 | Lair:4   | Found a runed translucent gate.
 14279 | Lair:4   | Found a runed translucent gate.
 14279 | Lair:4   | Found a runed translucent gate.
 14279 | Lair:4   | Found a runed translucent gate.
 14312 | Lair:4   | Found a runed translucent gate.
 14313 | Lair:4   | Found a runed translucent gate.
 14392 | Lair:4   | Received a gift from Okawaru
 14408 | Lair:4   | Identified a scroll of acquirement
 14408 | Lair:4   | Acquired a manual of Axes
 15249 | Lair:5   | Entered Level 5 of the Lair of Beasts
 15532 | Lair:5   | Reached skill level 17 in Axes
 15557 | Lair:5   | Noticed Josephine
 15571 | Lair:5   | Killed Josephine
 15571 | Lair:5   | Received a gift from Okawaru
 16007 | Lair:5   | Reached skill level 18 in Axes
 16056 | Lair:5   | Received a gift from Okawaru
 16513 | Lair:5   | Found a viscous altar of Jiyva.
 16530 | Lair:5   | Received a gift from Okawaru
 16606 | Lair:5   | Found a staircase to the Slime Pits.
 16968 | Orc:1    | Entered Level 1 of the Orcish Mines
 16984 | Orc:1    | Reached XP level 15. HP: 145/145 MP: 19/19
 17177 | Orc:2    | Entered Level 2 of the Orcish Mines
 17177 | Orc:2    | Found a staircase to the Elven Halls.
 17192 | Orc:2    | Reached skill level 19 in Axes
 17922 | Orc:2    | Found Vayzim's Distillery.
 17922 | Orc:2    | Found Caesobb's Assorted Antiques.
 17924 | Orc:2    | Found Watuacre's Distillery.
 17925 | Orc:2    | Found Qiaba's Antique Armour Boutique.
 17940 | Orc:2    | Bought a potion of heal wounds for 60 gold pieces
 17945 | Orc:2    | Bought a potion of curing for 42 gold pieces
 17945 | Orc:2    | Bought a potion of curing for 42 gold pieces
 17947 | Orc:2    | Bought a potion of mutation for 112 gold pieces
 17954 | Orc:2    | Bought a potion of curing for 36 gold pieces
 17954 | Orc:2    | Bought a potion of curing for 36 gold pieces
 17954 | Orc:2    | Bought a potion of curing for 36 gold pieces
 17954 | Orc:2    | Bought a potion of might for 48 gold pieces
 17956 | Orc:2    | Bought a scroll labelled ATEOTEHYJU for 36 gold pieces
 18197 | D:11     | Noticed Erolcha
 18206 | D:11     | Killed Erolcha
 18261 | D:11     | Found Vyos's Assorted Antiques.
 18264 | D:11     | Bought a potion of heal wounds for 175 gold pieces
 18264 | D:11     | Bought a scroll of teleportation for 105 gold pieces
 18314 | D:11     | Reached skill level 15 in Shields
 18386 | D:11     | Reached skill level 15 in Armour
 18441 | D:11     | Received a gift from Okawaru
 18884 | D:12     | Reached skill level 20 in Axes
 19169 | D:12     | Noticed Sonja
 19205 | Abyss:1  | Cast into level 1 of the Abyss (Sonja)
 19286 | Abyss:1  | Noticed a bone dragon
 19347 | Abyss:1  | Killed a bone dragon
 19429 | Abyss:1  | Received a gift from Okawaru
 19482 | Abyss:1  | Noticed a lich
 19492 | Abyss:1  | Killed a lich
 19565 | Abyss:1  | Noticed a Hell Sentinel
 19584 | Abyss:1  | Killed a Hell Sentinel
 19694 | D:12     | Escaped the Abyss
 19710 | D:12     | Killed Sonja
 20036 | D:12     | Noticed Nessos
 20042 | D:12     | Killed Nessos
 20394 | D:13     | Reached skill level 21 in Axes
 20425 | D:13     | Received a gift from Okawaru
 20534 | D:13     | Found a roughly hewn altar of Beogh.
 20545 | D:13     | Reached skill level 1 in Throwing
 20686 | D:13     | Noticed Snorg
 20696 | D:13     | Killed Snorg
 21572 | D:14     | Received a gift from Okawaru
 21631 | D:14     | Reached XP level 16. HP: 152/152 MP: 20/20
 21746 | D:14     | Found a gate to the Vaults.
 21844 | D:14     | Reached skill level 5 in Throwing
 22261 | D:14     | Reached skill level 22 in Axes
 22286 | D:14     | Found an ancient bone altar of Kikubaaqudgha.
 22488 | D:14     | Reached skill level 1 in Dodging
 22516 | D:14     | Received a gift from Okawaru
 22607 | D:15     | Entered Level 15 of the Dungeon
 22795 | D:15     | Found a gate leading to a gauntlet.
 22803 | Gauntlet | Entered a Gauntlet
 22803 | Gauntlet | Found a transporter.
 22807 | Gauntlet | Found a transporter.
 22808 | Gauntlet | Found a transporter.
 22824 | Gauntlet | Found a transporter.
 22825 | Gauntlet | Found a transporter.
 22833 | Gauntlet | Found a transporter.
 22852 | Gauntlet | Found a transporter.
 22859 | Gauntlet | Found a transporter.
 22865 | Gauntlet | Found a transporter.
 22865 | Gauntlet | Found a transporter.
 22875 | Gauntlet | Found a transporter.
 22889 | Gauntlet | Found a transporter.
 22891 | Gauntlet | Found a transporter.
 22933 | Gauntlet | Found a transporter.
 23086 | Gauntlet | Identified the ring of Nyfeib {rC+ rN+ Slay+2}
 23607 | Gauntlet | Identified the ring of Devotion {^Contam rC++ rN+ Int+6}
 23636 | Gauntlet | Identified the +0 triple crossbow of Righteous Anger
                  | {speed, rC++ Stlth+}
 23652 | Gauntlet | Identified the +0 robe "Doakh" {rC+ Dex+2}
 23828 | D:15     | Received a gift from Okawaru
 24286 | D:15     | Found a staircase to the Depths.
 24735 | Snake:1  | Entered Level 1 of the Snake Pit
 24737 | Snake:1  | Found Fit Inu's Magic Scroll Emporium.
 24741 | Snake:1  | Reached skill level 5 in Dodging
 24838 | Snake:1  | Bought a scroll of acquirement for 884 gold pieces
 24838 | Snake:1  | Acquired the ring of the Lotus Blossom {rPois rN+++ Will-
                  | rCorr AC+4}
 25032 | Snake:1  | Reached skill level 10 in Throwing
 25145 | Snake:1  | Received a gift from Okawaru
 25254 | Snake:1  | Reached XP level 17. HP: 113/160 MP: 21/21
 26068 | Snake:2  | Found Etzo Ydoiwe's Book Emporium.
 26068 | Snake:2  | Found Opnutta's Jewellery Shop.
 26069 | Snake:2  | Found Munenn's Book Emporium.
 26383 | Snake:2  | Received a gift from Okawaru
 26740 | Snake:2  | Noticed Vashnia
 26756 | Snake:2  | Killed Vashnia
 26836 | Snake:2  | Identified the serpent talisman of Indecent Exposure {Fly
                  | rC++ Int+3 Dex-4}
 26836 | Snake:2  | Noticed Aizul
 26851 | Snake:2  | Killed Aizul
 27067 | Snake:2  | Noticed Asterion
 27075 | Snake:2  | Killed Asterion
 27163 | Snake:2  | You fall into a shaft and drop 1 floor!
 27199 | Snake:3  | Found Zighiuga's Jewellery Shoppe.
 27201 | Snake:3  | Found Eguube's Distillery.
 27204 | Snake:3  | Found Feithralu's Antique Weapon Shoppe.
 27209 | Snake:3  | Bought a potion of heal wounds for 80 gold pieces
 27209 | Snake:3  | Bought a potion of curing for 48 gold pieces
 27209 | Snake:3  | Bought a potion of curing for 48 gold pieces
 27209 | Snake:3  | Bought a potion of heal wounds for 80 gold pieces
 27216 | Snake:3  | Found a glowing golden altar of the Shining One.
 27517 | Snake:3  | Received a gift from Okawaru
 28205 | Snake:4  | Entered Level 4 of the Snake Pit
 28626 | Snake:4  | Found Giggiumi's Book Emporium.
 28722 | Snake:4  | Received a gift from Okawaru
 29320 | Snake:4  | Reached skill level 10 in Dodging
 29486 | Snake:4  | HP: 6/160 [nagaraja/bolt of poison (17)]
 29487 | Snake:4  | HP: 2/160 [constriction (6)]
 29488 | Snake:4  | Killed from afar by a nagaraja

Illustrated notes

Levels and vault maps discovered:
D:1:      dpeg_arrival_more_subterranean_lakeside_camping, layout_loops_ring,
          eino_curves_03
D:2:      layout_loops_cross, minmay_misc_feat_roman,
          chequers_serial_rivers_micro_d, uniq_crazy_yiuf_cottage
D:3:      layout_basic
D:4:      layout_gridville, dreamdust_divine_triumvirate,
          minmay_temple_entry_junction, ebering_ghost_sewer_f,
          hangedman_abyss_or_decor_lesser_grid, uniq_blork_the_orc, uniq_sigmund
D:5:      layout_loops_ring, serial_shops, nicolae_stop_n_shop_2, uniq_pikel,
          uniq_edmund
D:6:      layout_cave_pools, guppyfry_shop_venom
D:7:      layout_basic, minitemple, enter_bailey_4, uniq_jeremiah, uniq_duvessa
D:8:      layout_loops_ring, nicolae_wu_jian_wuxing_cycle,
          grunt_lair_entry_orc_guard_hut, uniq_maurice, uniq_psyche, uniq_erica
D:9:      layout_gridville, lemuel_tele_altar, nzn_hepliaklqana_mist_gate,
          david_orc_2, serial_shops, shop
D:10:     minmay_ornate_pinched, layout_loops_ring
D:11:     layout_roguey, serial_shops, nicolae_shop_real_fake_doors,
          uniq_erolcha
D:12:     layout_irregular_city, grunt_ministairs_5, drop_trap, uniq_nessos,
          uniq_sonja
D:13:     layout_loops_ring, special_room [special_room_orc], uniq_snorg
D:14:     layout_gridville, grunt_vaults_entry_fortified, serial_park_square2,
          kiku_gazebo_garden_becter
D:15:     grunt_enter_depths_snipers, layout_basic, gauntlet_entry_generic,
          nicolae_cairo_tiling_large_dashed
Temple:   nicolae_temple_two_arcs
Lair:1:   layout_roguey
Lair:2:   layout_gridlike, elwin_shoals_entry_stream, lemuel_centaur_altar,
          uniq_amaemon
Lair:3:   layout_roguey, guppyfry_snake_entry_garden,
          portal_ice_cave_entry_pillars_2, serial_bayou_shore_a,
          grunt_megastairs_1
Lair:4:   gammafunk_indiana_jones, layout_loops_ring, basic_altar
Lair:5:   evilmike_catoblepas_cave, layout_cave_pods, dpeg_slime_entry_corner,
          serial_bayou_shore_b, uniq_josephine
Snake:1:  minmay_snake_river, layout_misc_corridors, serial_shops, shop
Snake:2:  layout_grid_maze, minmay_shop_grove, uniq_vashnia, uniq_aizul,
          uniq_asterion
Snake:3:  layout_grid_maze, basic_altar, minmay_shop_star
Snake:4:  grunt_snake_rune_serpentine_throne, layout_cave_town, serial_shops,
          nicolae_shop_advertising_works [nicolae_subvault_shop_adworks],
          drop_trap, guppyfry_library_mini
Orc:1:    layout_caves, serial_shops, shop, basic_altar
Orc:2:    st_orc_rangers, layout_caves

Skill      XL: |  1  2  3  4  5  6  7  8  9 10 11 12 13 14 15 16 17 |
---------------+----------------------------------------------------+-----
Fighting       | 4 5 6 7 9 10 12 13 15 16 | 16.6
Axes           | 3 4 6 9 10 11 13 15 16 18 21 22 | 22.0
Invocations    | 4 6 7 |  7.1
Armour         | 7 12 14 16 | 16.0
Shields        | 7 12 14 16 18 19 | 19.5
Throwing       | 3 10 14 | 14.0
Dodging        | 6 10 | 10.1

Action                     |  1- 3 |  4- 6 |  7- 9 | 10-12 | 13-15 | 16-18 || total
---------------------------+-------+-------+-------+-------+-------+-------++-------
  Melee: War axe           |    69 |    94 |   255 |   453 |   290 |       ||  1161
         Headbutt          |     8 |    14 |    50 |    87 |   254 |   210 ||   623
         Morningstar       |       |       |       |       |    18 |     7 ||    25
         Broad axe         |       |       |       |       |   676 |   761 ||  1437
  Throw: Throwing net      |       |       |       |       |     2 |       ||     2
         Javelin           |       |       |       |       |     1 |     5 ||     6
 Invoke: Heroism           |       |       |     1 |     8 |     3 |     5 ||    17
         Finesse           |       |       |       |     1 |     3 |     2 ||     6
         Receive Weapon    |       |       |       |     1 |       |       ||     1
         Receive Armour    |       |       |       |     1 |       |       ||     1
    Use: Scroll            |     2 |     7 |     8 |     7 |     5 |     4 ||    33
         Potion            |       |     3 |     1 |     2 |       |     9 ||    15
   Stab: Held in net/web   |       |       |       |       |     6 |       ||     6
 Armour: Scale mail        |    67 |    64 |       |       |       |       ||   131
         Chain mail        |       |     3 |   133 |       |       |       ||   136
         Plate armour      |       |       |    86 |   356 |       |       ||   442
         Crystal plate arm |       |       |       |    19 |   521 |   515 ||  1055
  Dodge: Dodged            |    38 |    42 |   126 |   109 |   209 |   123 ||   647
  Block: Buckler           |    16 |    28 |    58 |    32 |       |       ||   134
         Kite shield       |       |       |       |   306 |    86 |       ||   392
         Reflection        |       |       |       |    29 |   148 |   129 ||   306
         Tower shield      |       |       |       |       |  1134 |  1136 ||  2270

Table legend: (Time is in decaauts)
 A = Elapsed time spent in this place.
 B = Non-inter-level travel time spent in this place.
 C = Inter-level travel time spent in this place.
 D = Time resting spent in this place.
 E = Time spent auto-exploring this place.
 F = Levels seen in this place.
 G = Mean time per level.
                   A        B        C        D        E       F      G
               +--------+--------+--------+--------+--------+-----+--------+
         Total |  29298 |  28072 |   1226 |   6634 |  14778 |  31 |  945.1 |
       Dungeon |  14958 |  14180 |    778 |   2997 |   8084 |  15 |  997.2 |
        Temple |     51 |     51 |      0 |      0 |      0 |   1 |   51.0 |
          Lair |   5752 |   5455 |    297 |    805 |   3361 |   5 | 1150.4 |
     Snake Pit |   4718 |   4610 |    108 |   1500 |   2206 |   4 | 1179.5 |
  Orcish Mines |   1185 |   1144 |     41 |    410 |    486 |   2 |  592.5 |
         Abyss |    458 |    458 |      0 |    141 |    154 |   1 |  458.0 |
        Bailey |    522 |    522 |      0 |     92 |    172 |   1 |  522.0 |
      Ice Cave |    765 |    765 |      0 |    155 |    315 |   1 |  765.0 |
      Gauntlet |    886 |    886 |      0 |    534 |      0 |   1 |  886.0 |
               +--------+--------+--------+--------+--------+-----+--------+

Top non-repeatable levels by time:
  Lair:5: 1600 daAuts
  Lair:4: 1497 daAuts
     D:9: 1431 daAuts
     D:8: 1371 daAuts
 Snake:2: 1226 daAuts
 Snake:4: 1221 daAuts
     D:4: 1208 daAuts
    D:14: 1201 daAuts
 Snake:1: 1176 daAuts
    D:12: 1174 daAuts
 Snake:3: 1094 daAuts
    D:15: 1029 daAuts
  Lair:2: 1008 daAuts
    D:13: 1003 daAuts
     D:2: 982 daAuts
